 Dungeon Crawl Stone Soup version 0.22-a0-533-g4d20840 (webtiles) character file.

74 kae the Insei (level 4, -2/33 HPs)
             Began as a Demonspawn Transmuter on June 22, 2018.
             Splashed by a jelly's acid (7 damage)
             ... on level 2 of the Dungeon.
             The game lasted 00:01:49 (1616 turns).

kae the Insei (Demonspawn Transmuter)               Turns: 1616, Time: 00:01:49

Health: -2/33      AC: -2    Str: 10    XL:     4   Next: 10%
Magic:  5/7        EV: 12    Int: 15    God:
Gold:   84         SH:  0    Dex: 14    Spells: 1/7 levels left

rFire    . . .     SeeInvis .     - Unarmed
rCold    . . .     Gourm    .   (no shield)
rNeg     . . .     Faith    .   b - +0 robe
rPois    .         Spirit   .   (helmet restricted)
rElec    .         Reflect  .   (no cloak)
rCorr    .         Harm     .   (no gloves)
MR       .....                  (no boots)
Stlth    +.........             (no amulet)
HPRegen  0.11/turn              (no ring)
MPRegen  0.10/turn              (no ring)

@: corroded
A: horns 2
a: no special abilities


You were on level 2 of the Dungeon.
You were very hungry.

You visited 1 branch of the dungeon, and saw 2 of its levels.

You collected 84 gold pieces.

Inventory:

Missiles
 a - 25 arrows
Armour
 b - a +0 robe (worn)
Jewellery
 h - an uncursed ring of poison resistance {unknown}
Scrolls
 c - 5 scrolls of identify {unknown}
 i - a scroll of fear {unknown}
 k - a scroll of blinking {unknown}
 m - a scroll of magic mapping {unknown}
 n - a scroll of remove curse {unknown}
Potions
 e - a potion of brilliance {unknown}
 f - 2 potions of degeneration {unknown}
 g - 4 potions of curing {unknown}
 j - a potion of heal wounds {unknown}
 l - a potion of cancellation {unknown}
Comestibles
 d - 5 rations


   Skills:
 + Level 1.6 Fighting
 - Level 1.7 Dodging
 * Level 3.4 Unarmed Combat
 + Level 2.4 Spellcasting
 * Level 2.7 Transmutations


You had one spell level left.
You knew the following spells:

 Your Spells              Type           Power        Failure   Level  Hunger
a - Beastly Appendage     Tmut           #.....       7%          1    #......
b - Sticks to Snakes      Tmut           #.......     11%         2    ###....
c - Spider Form           Tmut/Pois      #.........   36%         3    ###....

Your spell library contained the following spells:

 Spells                   Type           Power        Failure   Level  Hunger
 Blade Hands              Tmut           #.........   89%         5    ######.
 Ice Form                 Ice/Tmut       #.......     77%         4    #####..


Dungeon Overview and Level Annotations

Branches:
Dungeon (2/15)

Altars:


Innate Abilities, Weirdness & Mutations

You have a pair of horns on your head.


Message History

You create a snake!
You now have 26 arrows.
The jelly barely misses you. The jelly hits you.
You are splashed with acid!
The acid burns!
* * * LOW HITPOINT WARNING * * *
Your ball python bites the jelly.
Your ball python is burned by acid!
The jelly barely misses you.
Your ball python bites the jelly.
Your ball python is burned by acid!
You are feeling very hungry.
Your ball python bites the jelly.
Your ball python is burned by acid!
Your ball python withers and dies!
You see here 15 poisoned needles.
Okay, then.
Okay, then.
Casting: Sticks to Snakes (safe; 11% risk of failure)
Confirm with . or Enter, or press ? or * to list all spells.
You create a snake!
You now have 25 arrows.
The jelly hits you.
* * * LOW HITPOINT WARNING * * *
The acid corrodes you!
You are splashed with acid!
The acid burns!
You die...

#.........#
.#####....(....#
...............#
######.........# .###
#.........# ....#
#.........####
#..####.<.....(....##
#...###))..........## ####
########SJ@..............#
...#
#..........###....(......#
...# #......>.(.#
#...........#
#.#####..........#
##...<.....##
...............).#
##...#...##
'#######.........#
######### [# #.........#
.##### #.........# .'...#
#.[.......#


You could see a jelly and a friendly ball python.

Vanquished Creatures
  3 adders
  An ooze (D:1)
  2 leopard geckos
  2 giant cockroaches (D:2)
  6 goblins
  6 hobgoblins
  3 jackals (D:1)
  6 kobolds
  6 bats
  2 rats (D:1)
37 creatures vanquished.

Vanquished Creatures (collateral kills)
  2 goblins (D:2)
  A frilled lizard (D:2)
  A kobold (D:1)
4 creatures vanquished.

Grand Total: 41 creatures vanquished

Notes
Turn   | Place    | Note
-------+----------+-------------------------------------------
     0 | D:1      | kae the Demonspawn Transmuter began the quest for the Orb.
     0 | D:1      | Reached XP level 1. HP: 15/15 MP: 3/3
    68 | D:1      | Mutation became permanent: You have a pair of small horns on your head. [demonic ancestry]
    68 | D:1      | Gained mutation: You have a pair of horns on your head. [demonic ancestry]
    68 | D:1      | Reached XP level 2. HP: 20/21 MP: 3/5
    78 | D:1      | Learned a level 2 spell: Sticks to Snakes
   173 | D:1      | Reached skill level 3 in Unarmed Combat
   493 | D:1      | Reached XP level 3. HP: 25/26 MP: 4/6
   498 | D:1      | Learned a level 3 spell: Spider Form
  1525 | D:2      | Gained mutation: You have a pair of horns on your head. [demonic ancestry]
  1525 | D:2      | Reached XP level 4. HP: 29/33 MP: 5/7
  1616 | D:2      | Splashed by a jelly's acid

Vault maps used:
D:1:      erik_arrival_blinker_ship
D:2:      minmay_door_square, dk_xom_monty_hall

Skill      XL: |  1  2 |
---------------+-------+-----
Transmutations | 2 |  2.7
Unarmed Combat | 3 |  3.4
Fighting       | |  1.6
Dodging        | |  1.7
Spellcasting   | |  2.4

Action                   |  1- 3 |  4- 6 || total
-------------------------+-------+-------++-------
Melee: Unarmed           |   106 |     4 ||   110
       Headbutt          |    12 |       ||    12
       Kick              |    15 |     2 ||    17
       Punch             |     1 |       ||     1
 Cast: Beastly Appendage |    13 |       ||    13
       Sticks to Snakes  |     5 |     2 ||     7
 Stab: Sleeping          |     1 |       ||     1
  Eat: Chunk             |     2 |       ||     2
Armor: Robe              |    31 |     2 ||    33
Dodge: Dodged            |    95 |     4 ||    99

Table legend:
 A = Spawn XP
 B = Non-spawn XP
 C = Spawn XP percentage of total XP
 D = Spawn monster count
 E = Non-spawn monster count
 F = Spawn count percentage of total count
 G = Total turns spent on level
                    A         B        C        D         E        F      G
               +---------+---------+-------+---------+---------+-------+---------
         Total |       0 |     107 |   0.0 |       0 |      41 |   0.0 |  1616
               +---------+---------+-------+---------+---------+-------+---------
           D:1 |       0 |      59 |   0.0 |       0 |      24 |   0.0 |  1084
           D:2 |       0 |      48 |   0.0 |       0 |      17 |   0.0 |   532
               +---------+---------+-------+---------+---------+-------+---------
